 Dungeon Crawl Stone Soup version 0.30-a0-728-gc68057be0a (webtiles) character file.

Game seed: 14519886191015590918

205 bpung the Trooper (level 5, -6/34 HPs)
             Began as a Gargoyle Fighter on Jan 31, 2023.
             Killed by an exploding endoplasm (40 damage)
             ... ignited by their inner flame
             ... on level 2 of the Dungeon.
             The game lasted 00:03:26 (1249 turns).

bpung the Trooper (Gargoyle Fighter)                Turns: 1249, Time: 00:03:28

Health: -6/34      AC: 12    Str: 21    XL:     5   Next: 83%
Magic:  5/5        EV:  9    Int:  9    God:
Gold:   126        SH:  4    Dex:  9    Spells: 4/4 levels left

rFire   . . .      SeeInvis .    a - +0 flail
rCold   . . .      Faith    .    c - +0 buckler
rNeg    + . .      Spirit   .    o - +0 scale mail
rPois   ∞          Reflect  .    (no helmet)
rElec   +          Harm     .    (no cloak)
rCorr   .          Rampage  .    f - +0 pair of gloves
Will    .....                    (no boots) Stlth
                                 (no amulet)
HPRegen 0.25/turn                (no ring)
MPRegen 0.09/turn                (no ring)

@: flying
A: sickness immunity, AC +4, negative energy resistance 1, electricity
resistance, torment resistance 1, petrification resistance, big wings, evolution
1
a: no special abilities


You were on level 2 of the Dungeon.
You visited 1 branch of the dungeon, and saw 2 of its levels.

You collected 126 gold pieces.

Inventory:

Hand Weapons
 a - a +0 flail (weapon)
 b - the +8 sling of Fostruc {freeze, rPois rF+ Dex+2}
   (You found it on level 2 of the Dungeon)

   Dex:       It affects your dexterity (+2).
   rF:        It protects you from fire.
   rPois:     It protects you from poison.
Missiles
 q - 14 stones (quivered)
Armour
 c - a +0 buckler (worn)
 f - a +0 pair of gloves (worn)
 o - a +0 scale mail (worn)
Scrolls
 h - a scroll of fog {unknown}
 j - a scroll of fear {unknown}
 k - a scroll of brand weapon {unknown}
 l - a scroll of torment {unknown}
Potions
 g - a potion of curing


   Skills:
 + Level 4.4 Fighting
 + Level 3.3 Maces & Flails
 + Level 4.4 Armour
 + Level 4.4 Shields


You had 4 spell levels left.
You didn't know any spells.
Your spell library contained the following spells:

 Spells                   Type           Power      Damage    Failure   Level
 Kiss of Death            Conj/Necr      0%         2d5       80%         1
 Confusing Touch          Hex            0%         N/A       99%         3
 Portal Projectile        Hex/Tloc       0%         N/A       99%         3
 Tukima's Dance           Hex            0%         N/A       99%         3
 Dispel Undead            Necr           0%         3d6       100%        4
 Blade Hands              Tmut           0%         N/A       100%        5


Dungeon Overview and Level Annotations

Branches:
Dungeon (2/15)

Altars:

Shops:
D:1 !


Innate Abilities, Weirdness & Mutations

You are immune to sickness and miasma.
Your stone body is resilient. (AC +4)
You are immune to poison.
You resist negative energy. (rN+)
You are resistant to electric shocks. (rElec)
You are resistant to unholy torment.
You are immune to petrification.
Your large and strong wings let you fly.
You have hidden genetic potential.


Message History

Reactivating autopickup.
You feel a bit more experienced. The bat hits you but does no damage.
Your Fighting skill increases to level 4!
Your Maces & Flails skill increases to level 3!
Your Armour skill increases to level 4!
Your Shields skill increases to level 4!
You have reached level 4!
You feel clever.
You have reached level 5!
You thump the bat!
You kill the bat!
Things that are here:
a +0 scythe; a +0 robe; the human corpse of Sigmund You start resting.
You feel a genetic drift.
Your wings grow larger and stronger.
You start resting.
You feel a little less mighty now.
Sorry, you're not good enough to have a special ability.
You don't know any spells.
Things that are here:
a +0 scythe; a +0 robe; the human corpse of Sigmund HP restored.
Found a stone staircase leading down.
You now have 126 gold pieces (gained 4).
d - a scroll labelled JUZXA AFERR An endoplasm comes into view.
The endoplasm quivers.
As you read the scroll labelled JUZXA AFERR, it crumbles to dust.
The creatures around you are filled with an inner flame!
It was a scroll of immolation.
Blink to where?
Press: ? - help, Dir - move target
As you read the scroll labelled LASEFI ITOSHU, it crumbles to dust.
It was a scroll of blinking.
You sock the endoplasm!
The endoplasm explodes!
The fiery explosion engulfs you!!!
Ouch! That really hurt!
You die...

### ..# ########## #.#
##........# ####.## #..........
#.....#####.........#
#.........#.......[.#
#...@§###.#..........
#######§§§............#.# ..
#...# #.§§............... ...
#...# #.§####.##......#.# ...
#...###..####.#########.† #.#
####.............# #######. #.#
#........#.##########..†..'.
#.####.##...###.# #......#####.
#......###.####.#####......#####.


There were no monsters in sight!

Vanquished Creatures
  Sigmund (D:2)
  An adder (D:2)
  A worm (D:2)
  2 dart slugs (D:1)
  2 ball pythons
  6 bats
  3 endoplasms
  2 hobgoblins
  7 jackals
  3 kobolds
  3 quokkas
  3 frilled lizards
  2 rats
36 creatures vanquished.

Notes
Turn   | Place    | Note
-------+----------+-------------------------------------------
     0 | D:1      | bpung the Gargoyle Fighter began the quest for the Orb.
     0 | D:1      | Reached XP level 1. HP: 14/14 MP: 1/1
   166 | D:1      | Reached XP level 2. HP: 16/19 MP: 2/2
   191 | D:1      | Found Udusexi's Distillery.
   424 | D:1      | Reached XP level 3. HP: 21/23 MP: 3/3
   631 | D:2      | Identified the +8 sling of Fostruc {freeze, rPois rF+
                  | Dex+2}
   867 | D:2      | Gained mutation: You have hidden genetic potential. [potion
                  | of mutation]
  1080 | D:2      | Noticed Sigmund
  1112 | D:2      | Killed Sigmund
  1113 | D:2      | Reached XP level 4. HP: 12/30 MP: 4/4
  1113 | D:2      | Reached XP level 5. HP: 13/34 MP: 5/5
  1119 | D:2      | Gained mutation: Your large and strong wings let you fly.
                  | [hidden potential]
  1249 | D:2      | Killed by an exploding endoplasm... ignited by their inner
                  | flame

Illustrated notes

Levels and vault maps discovered:
D:1:      spicycebolla_arrival_xxxplode, layout_rooms, serial_shops, shop,
          grunt_decor_arrowhead
D:2:      layout_basic, serial_shops, shop, skrybe_limestone_x, uniq_sigmund

Skill      XL: |  1  2  3 |
---------------+----------+-----
Fighting       | 4 |  4.4
Maces & Flails | 3 |  3.3
Armour         | 4 |  4.4
Shields        | 4 |  4.4

Action                     |  1- 3 |  4- 6 || total
---------------------------+-------+-------++-------
  Melee: Flail             |   132 |     2 ||   134
    Use: Potion            |     9 |       ||     9
         Scroll            |       |     2 ||     2
 Armour: Scale mail        |    87 |       ||    87
  Dodge: Dodged            |    63 |       ||    63
  Block: Buckler           |    35 |       ||    35

Table legend: (Time is in decaauts)
 A = Elapsed time spent in this place.
 B = Non-inter-level travel time spent in this place.
 C = Inter-level travel time spent in this place.
 D = Time resting spent in this place.
 E = Time spent auto-exploring this place.
 F = Levels seen in this place.
 G = Mean time per level.
                   A        B        C        D        E       F      G
               +--------+--------+--------+--------+--------+-----+--------+
         Total |   1291 |   1195 |     96 |     15 |    780 |   2 |  645.5 |
       Dungeon |   1291 |   1195 |     96 |     15 |    780 |   2 |  645.5 |
               +--------+--------+--------+--------+--------+-----+--------+

Top non-repeatable levels by time:
     D:1: 662 daAuts
     D:2: 628 daAuts
